 Dungeon Crawl Stone Soup version 0.31-a0-1176-gb7303255ee (webtiles) character file.

Game seed: 9154019834865397787

26 Malachi the Ruffian (level 3, -4/29 HPs)
             Began as a Hill Orc Shapeshifter on Dec 11, 2023.
             Slain by a gnoll
             ... wielding a +0 whip
              (6 damage)
             ... on level 2 of the Dungeon.
             The game lasted 00:01:07 (971 turns).

Malachi the Ruffian (Hill Orc Shapeshifter)          Turns: 971, Time: 00:01:08

Health: -4/29      AC:  5    Str: 18    XL:     3   Next: 8%
Magic:  3/3        EV: 10    Int: 10    God:
Gold:   82         SH:  0    Dex: 10    Spells: 2/2 levels left

rFire   . .          .
                       - Unarmed
rCold   . . .        (no shield)
rNeg    . . .        k - +0 ring mail
rPois   .            (helmet currently unavailable)
rElec   .            (cloak currently unavailable)
rCorr   .            (gloves currently unavailable)
SInv    .            (boots currently unavailable)
Will    .....        (no amulet) Stlth
                     (no ring)
HPRegen 0.24/turn    (no ring)
MPRegen 0.08/turn

%: no passive effects
@: beast-form
A: beast (slay +1)
a: Begin Untransformation


You were on level 2 of the Dungeon.
You were a hulking beast.
You visited 1 branch of the dungeon, and saw 2 of its levels.

You collected 82 gold pieces.

Inventory:

Armour
 a - a +0 animal skin
 j - a +0 pair of boots
 k - a +0 ring mail (worn)
Talismans
 c - a beast talisman
 d - a flux talisman
Scrolls
 l - a scroll of butterflies {unknown}
Potions
 b - a potion of lignification
 e - a potion of haste {unknown}
 f - a potion of heal wounds {unknown}
 g - a potion of invisibility {unknown}
 h - 2 potions of curing {unknown}
 i - a potion of enlightenment {unknown}


   Skills:
 + Level 2.2 Fighting
 - Level 1.5 Dodging
 + Level 3.7 Unarmed Combat
 + Level 3.0 Shapeshifting


You had 2 spell levels left.
You didn't know any spells.
Your spell library contained the following spells:

 Spells                   Type           Power      Damage    Failure   Level
 Necrotise                Necr           0%         1d4       56%         1
 Slow                     Hex            0%         N/A       56%         1
 Confusing Touch          Hex            0%         N/A       90%         3
 Frozen Ramparts          Ice            0%         1d1       90%         3
 Sigil of Binding         Hex            0%         N/A       90%         3
 Vampiric Draining        Necr           0%         2d6       90%         3
 Petrify                  Tmut/Erth      0%         N/A       100%        4
 Agony                    Necr           0%         N/A       100%        5
 Metabolic Englaciation   Hex/Ice        0%         N/A       100%        5


Dungeon Overview and Level Annotations

Branches:
Dungeon (2/15)

Altars:


Message History

The hobgoblin hits you but does no damage.
The gnoll hits you with a +0 whip!
You closely miss the gnoll.
The gnoll is moderately wounded.
The hobgoblin barely misses you. The gnoll closely misses you.
You hit the gnoll but do no damage.
The gnoll is moderately wounded.
The hobgoblin barely misses you. The gnoll closely misses you.
You hit the gnoll.
The gnoll is heavily wounded.
The hobgoblin hits you. The gnoll barely misses you.
You barely miss the gnoll.
The gnoll is heavily wounded.
The hobgoblin barely misses you. The gnoll hits you with a +0 whip.
You are too injured to fight recklessly!
You are too injured to fight recklessly!
You are too injured to fight recklessly!
You are too injured to fight recklessly!
You barely miss the gnoll.
The gnoll is heavily wounded.
The hobgoblin hits you. The gnoll hits you with a +0 whip.
* * * LOW HITPOINT WARNING * * *
You hit the gnoll.
The gnoll is heavily wounded.
The hobgoblin hits you but does no damage.
The gnoll hits you with a +0 whip.
* * * LOW HITPOINT WARNING * * *
You hit the gnoll.
The gnoll is severely wounded.
The hobgoblin closely misses you. The gnoll hits you with a +0 whip.
* * * LOW HITPOINT WARNING * * *
You closely miss the hobgoblin.
The hobgoblin hits you but does no damage.
You closely miss the hobgoblin. The hobgoblin closely misses you.
You hit the hobgoblin. You punch the hobgoblin.
You kill the hobgoblin!
You hit the gnoll. Your punch misses the gnoll.
The gnoll is almost dead.
The gnoll hits you with a +0 whip.
You die...

. .# . #. $ ..# #. .# ..#
#. .# #.# #. #.# #.#
#†#|.###.# #.# ##g...!..#
#.+######h.#.#####
#.........##.#
#...########.#
#.####.......# ##### ##.##
#.......# #....
#...###.......#########.###
#.......†..................
#...###.......#############
##### #.......#


You could see a gnoll.

Vanquished Creatures
  A worm (D:2)
  2 ball pythons
  3 endoplasms (D:1)
  A giant cockroach (D:1)
  5 hobgoblins
  A kobold (D:1)
  A quokka (D:2)
  4 bats
  2 frilled lizards (D:1)
20 creatures vanquished.

Notes
Turn   | Place    | Note
-------+----------+-------------------------------------------
     0 | D:1      | Malachi the Hill Orc Shapeshifter began the quest for the
                  | Orb.
     0 | D:1      | Reached XP level 1. HP: 16/16 MP: 1/1
   134 | D:1      | Reached XP level 2. HP: 22/24 MP: 2/2
   955 | D:2      | Reached XP level 3. HP: 29/29 MP: 3/3
   966 | D:2      | HP: 1/29 [gnoll/+0 whip (6)]
   971 | D:2      | Slain by a gnoll

Illustrated notes

Levels and vault maps discovered:
D:1:      zelgadis_glass_arrival_small, layout_loops_cross
D:2:      layout_loops_ring, minmay_misc_feat_cross, kennysheep_small_spiral,
          minmay_3d_cube

Skill      XL: |  1  2 |
---------------+-------+-----
Fighting       | 2 |  2.2
Shapeshifting  | 3 |  3.0
Dodging        | |  1.5
Unarmed Combat | |  3.7

Action                     || total
---------------------------++-------
  Melee: Unarmed           ||    55
         Punch             ||     3
 Armour: Animal skin       ||    15
         Ring mail         ||    14
  Dodge: Dodged            ||    31

Table legend: (Time is in decaauts)
 A = Elapsed time spent in this place.
 B = Non-inter-level travel time spent in this place.
 C = Inter-level travel time spent in this place.
 D = Time resting spent in this place.
 E = Time spent auto-exploring this place.
 F = Levels seen in this place.
 G = Mean time per level.
                   A        B        C        D        E       F      G
               +--------+--------+--------+--------+--------+-----+--------+
         Total |    967 |    849 |    118 |      0 |    709 |   2 |  483.5 |
       Dungeon |    967 |    849 |    118 |      0 |    709 |   2 |  483.5 |
               +--------+--------+--------+--------+--------+-----+--------+

Top non-repeatable levels by time:
     D:1: 838 daAuts
     D:2: 128 daAuts
